 Dungeon Crawl Stone Soup version 0.30.1-3-gfc49f6343a (webtiles) character file.

Game seed: 13225559438932315557

116 Kaiern the Gusty (level 5, -1/25 HPs)
             Began as a Tengu Air Elementalist on July 22, 2023.
             Was a Follower of Hepliaklqana.
             Succumbed to a scorpion's poison
             ... on level 4 of the Dungeon.
             The game lasted 00:10:53 (3602 turns).

Kaiern the Gusty (Tengu Air Elementalist)           Turns: 3602, Time: 00:10:54

Health: -1/25      AC:  2    Str: 12    XL:     5   Next: 1%
Magic:  9/10       EV: 15    Int: 17    God:    Hepliaklqana [*.....]
Gold:   141        SH:  0    Dex: 14    Spells: 1/9 levels left

rFire   . . .        r - +10 hand axe of Bedazzled Offence {heavy, Str+3}
rCold   . . .        (no shield)
rNeg    . . .        a - +0 robe
rPois   .            (helmet restricted)
rElec   .            (no cloak)
rCorr   .            (no gloves)
SInv    .            (boots unavailable)
Will    .....        (no amulet)
Stlth   ++           (no ring)
HPRegen 0.24/turn    (no ring)
MPRegen 0.12/turn

%: no passive effects
@: lethally poisoned (-1 -> -17), flying quickly and evasively, quick
A: reduced essence, beak, talons 3, nimble flight
a: Renounce Religion, Recall Ancestor, Ancestor Identity


You were on level 4 of the Dungeon.
You worshipped Hepliaklqana.
Hepliaklqana was aware of your devotion.
You visited 1 branch of the dungeon, and saw 4 of its levels.

You collected 141 gold pieces.

Inventory:

Hand Weapons
 g - a +2 dagger of venom
 h - a +4 dagger
 r - the +10 hand axe of Bedazzled Offence (weapon) {heavy, Str+3}
   (You found it on level 3 of the Dungeon)

   Str:       It affects your strength (+3).
Armour
 a - a +0 robe (worn)
Jewellery
 i - an amulet of faith
 k - an amulet of guardian spirit
Scrolls
 c - 2 scrolls of brand weapon {unknown}
 d - 7 scrolls of identify {unknown}
 m - a scroll of noise {unknown}
 o - a scroll of vulnerability {unknown}
 q - a scroll of blinking {unknown}
 s - 2 scrolls of enchant armour {unknown}
Potions
 b - a potion of magic
 e - 2 potions of heal wounds {unknown}
 f - a potion of degeneration {unknown}
 j - 2 potions of attraction {unknown}
 l - a potion of resistance {unknown}
 n - a potion of lignification {unknown}
 p - a potion of curing {unknown}


   Skills:
 + Level 3.3 Dodging
 - Level 2.0 Stealth
 + Level 2.8 Spellcasting
 + Level 3.2 Conjurations
 + Level 5.0 Air Magic


You had one spell level left.
You knew the following spells:

 Your Spells              Type           Power      Damage    Failure   Level
a - Shock                 Conj/Air       64%        1d7       3%          1
b - Airstrike             Air            9%         2d(2-18)  22%         4
c - Mephitic Cloud        Conj/Pois/Air  11%        N/A       17%         3

Your spell library contained the following spells:

 Spells                   Type           Power      Damage    Failure   Level
 Static Discharge         Conj/Air       32%        2-4/arc   4%          2
 Swiftness                Air            19%        N/A       7%          3
 Poisonous Vapours        Pois/Air       20%        N/A       10%         2
 Sublimation of Blood     Necr           2%         N/A       26%         2
 Wereblood                Tmut           2%         N/A       26%         2
 Freezing Cloud           Conj/Ice/Air   5%         6-21      85%         5
 Summon Hydra             Summ           1%         N/A       100%        7


Dungeon Overview and Level Annotations

Branches:
Dungeon (4/15)
 Temple: D:4-7

Altars:
Cheibriados
Hepliaklqana
Makhleb

Shops:
D:1 =


Innate Abilities, Weirdness & Mutations

Your life essence is reduced to manifest your ancestor. (-10% HP)
You have a beak for a mouth.
You have claws for feet.
Your magical nature lets you fly swiftly and evasively.


Message History

Done exploring.
Search for what [Enter for "."]? .
This spell is astonishingly dangerous to cast!
Memorise Airstrike, consuming 4 spell levels and leaving 4?
You start memorising the spell.
You continue memorising. x4
You finish memorising.
Spell assigned to 'b'.
This spell is extremely dangerous to cast!
Memorise Mephitic Cloud, consuming 3 spell levels and leaving 1?
You start memorising the spell.
You continue memorising. x3
You finish memorising.
Spell assigned to 'c'.
Done exploring.
You swap places.
There is a stone staircase leading down here.
You fly downwards.
There is a stone staircase leading up here.
Found 6 gold pieces.
Found a stone staircase leading up.
Found 10 gold pieces.
A worm and a scorpion come into view.
Found 13 stones.
Found a chain mail and a smoky dark potion.
Casting: Shock (safe; 3% risk of failure)
Confirm with . or Enter, or press ? or * to list all spells.
Aiming: Shock (safe; 3% risk of failure)
Press: ? - help, Shift-Dir - straight line, f - scorpion
Aim: a scorpion (71% to hit)
The zap hits the scorpion.
The scorpion is moderately wounded.
The scorpion attacks as you move away! The scorpion stings you.
The scorpion stings you.
You are poisoned.
The scorpion poisons you!
You feel sick. The scorpion stings you.
* * * LOW HITPOINT WARNING * * *
You are lethally poisoned!
The scorpion poisons you!
* * * LOW HITPOINT WARNING * * *
You feel very sick. The scorpion attacks as you move away!
The scorpion stings you.
* * * LOW HITPOINT WARNING * * *
You die...

## ## ##### #.
.# ...!# #.###.#
....#
#.....##.....##
#............#.
#<@.####.....w.
#...s..........
###..........#
#...........#
#..##.#.<...#
#...#.#.$.....
.....#.#......#
(####.#.#....$.[
...#.....(.


You could see a scorpion.

Vanquished Creatures
  2 gnolls (D:2)
  An adder (D:3)
  A worm (D:2)
  A dart slug (D:1)
  An orc (D:3)
  11 endoplasms
  3 giant cockroaches
  6 goblins
  8 hobgoblins
  7 jackals
  5 quokkas
  8 ball pythons
  4 bats (D:3)
  3 frilled lizards
  7 kobolds
  4 rats
72 creatures vanquished.

Notes
Turn   | Place    | Note
-------+----------+-------------------------------------------
     0 | D:1      | Kaiern the Tengu Air Elementalist began the quest for the
                  | Orb.
     0 | D:1      | Reached XP level 1. HP: 10/10 MP: 4/4
    76 | D:1      | Found Numimaam's Jewellery Boutique.
   194 | D:1      | Reached XP level 2. HP: 15/15 MP: 1/6
   731 | D:1      | Reached XP level 3. HP: 19/19 MP: 2/7
  1399 | D:1      | Found a faded altar of an unknown god.
  1542 | D:2      | Reached XP level 4. HP: 24/24 MP: 2/8
  1644 | D:2      | Found a snail-covered altar of Cheibriados.
  2520 | D:3      | Found a hazy altar of Hepliaklqana.
  2571 | D:3      | Became a worshipper of Hepliaklqana the Forgotten
  3138 | D:3      | Found a burning altar of Makhleb.
  3142 | D:3      | Reached skill level 5 in Air Magic
  3259 | D:3      | Identified the +10 hand axe of Bedazzled Offence {heavy,
                  | Str+3}
  3261 | D:3      | Gained mutation: Your magical nature lets you fly swiftly
                  | and evasively. [Tengu growth]
  3261 | D:3      | Reached XP level 5. HP: 28/28 MP: 8/10
  3401 | D:3      | Reached * piety under Hepliaklqana
  3572 | D:3      | Learned a level 4 spell: Airstrike
  3576 | D:3      | Learned a level 3 spell: Mephitic Cloud
  3602 | D:4      | Succumbed to a scorpion's poison

Illustrated notes

Levels and vault maps discovered:
D:1:      spicycebolla_arrival_clurvy, layout_loops_corners,
          ebering_ecumenical_altar_hall, serial_shops, nicolae_shop_crystal
D:2:      wad_woods_stonehenge, layout_basic
D:3:      layout_loops_corners, lemuel_crystal_altar,
          nicolae_hepliaklqana_hippocampus, chequers_serial_rivers_micro_b
D:4:      layout_basic, grunt_temple_overflow_gold_and_silver

Skill      XL: |  1  2  3  4 |
---------------+-------------+-----
Conjurations   | 2 3 |  3.2
Dodging        | 3 |  3.3
Air Magic      | 5 |  5.0
Stealth        | |  2.0
Spellcasting   | |  2.8

Action                     |  1- 3 |  4- 6 || total
---------------------------+-------+-------++-------
  Melee: Dagger            |     7 |    17 ||    24
         Kick              |     3 |     8 ||    11
         Peck              |     1 |     5 ||     6
   Cast: Shock             |    67 |    51 ||   118
 Armour: Robe              |     3 |     2 ||     5
  Dodge: Dodged            |     7 |    20 ||    27
